 Dungeon Crawl Stone Soup version 0.23-a0-151-gf6d1ed2 (webtiles) character file.

53 Amnesiac the Cutter (level 3, 0/29 HPs)
             Began as a Mummy Abyssal Knight on Sept 8, 2018.
             Was a Follower of Lugonu.
             Slain by an adder (4 damage)
             ... on level 2 of the Dungeon.
             The game lasted 00:01:38 (1174 turns).

Amnesiac the Cutter (Mummy Abyssal Knight)          Turns: 1174, Time: 00:01:39

Health: 0/29       AC:  3    Str: 16    XL:     3   Next: 64%
Magic:  4/4        EV: 11    Int: 11    God:    Lugonu [*.....]
Gold:   20         SH:  0    Dex: 11    Spells: 2/2 levels left

rFire    x . .     SeeInvis .   a - +1 short sword
rCold    + . .     Gourm    .   (no shield)
rNeg     + + +     Faith    .   b - +0 leather armour
rPois    ∞         Spirit   .   (no helmet)
rElec    .         Reflect  .   (no cloak)
rCorr    .         Harm     .   (no gloves)
MR       .....                  (no boots)
Stlth    +.........             (no amulet)
HPRegen  0.09/turn              (no ring)
MPRegen  0.09/turn              (no ring)

@: no status effects
A: no food or potions, fire vulnerability, cold resistance 1, negative energy
resistance 3, torment resistance, unbreathing
a: Depart the Abyss, Renounce Religion


You were on level 2 of the Dungeon.
You worshipped Lugonu.
Lugonu was aware of your devotion.
You were not hungry.

You visited 1 branch of the dungeon, and saw 3 of its levels.
You visited the Abyss 1 time.

You collected 20 gold pieces.

Inventory:

Hand Weapons
 a - a +1 short sword (weapon)
Armour
 b - a +0 leather armour (worn)
Scrolls
 c - 2 scrolls of remove curse {!r, unknown}
 d - a scroll of fear {!r, unknown}
 e - a scroll of magic mapping {!r, unknown}
 f - a scroll of identify {!r, unknown}
 g - a scroll of teleportation {!r, unknown}
 h - a scroll of amnesia {!r, unknown}


   Skills:
 - Level 3.0 Fighting
 + Level 3.3 Short Blades
 - Level 1.5 Armour
 - Level 0.7 Dodging
 - Level 1.5 Invocations


You had 2 spell levels left.
You didn't know any spells.
Your spell library was empty.

Dungeon Overview and Level Annotations

Branches:
Dungeon (3/15)

Altars:
Cheibriados


Innate Abilities, Weirdness & Mutations

You do not eat or drink.
Your flesh is vulnerable to fire.
You are immune to poison.
Your flesh is cold resistant. (rC+)
You are immune to negative energy. (rN+++)
You are immune to unholy pain and torment.
You can survive without breathing.


Message History

You hit the hobgoblin.
The hobgoblin is moderately wounded.
The hobgoblin closely misses you.
You hit the hobgoblin but do no damage.
The hobgoblin is moderately wounded.
The orc barely misses you.
An orc comes into view. It is wielding a mace.
The hobgoblin barely misses you.
You completely miss the hobgoblin.
The hobgoblin is moderately wounded.
The orc misses you.
The hobgoblin hits you but does no damage.
An orc comes into view. It is wielding a morningstar.
The orc barely misses you.
You puncture the orc!
You kill the orc!
Lugonu accepts your kill.
You hit the hobgoblin but do no damage.
The hobgoblin is moderately wounded.
The hobgoblin hits you but does no damage.
You hit the hobgoblin.
You kill the hobgoblin!
Lugonu accepts your kill.
You hit the worm.
The worm is moderately wounded.
You hit the worm.
The worm is moderately wounded.
You barely miss the worm.
The worm is moderately wounded.
The worm bites you!
You puncture the worm!
The worm is severely wounded.
The worm bites you!
* * * LOW HITPOINT WARNING * * *
You hit the worm.
The worm is severely wounded.
You hit the worm but do no damage.
The worm is severely wounded.
The worm closely misses you.
You hit the worm.
You kill the worm!
Lugonu accepts your kill.
You hit the orc but do no damage. The orc misses you.
A hobgoblin comes into view. It is wielding a club.
The hobgoblin shouts!
You hear a shout! x4
Found 17 stones.
A hobgoblin comes into view. It is wielding a club.
The hobgoblin shouts!
You hear a shout! x2
The hobgoblin moves out of view.
There is a stone staircase leading up here.
You climb upwards.
The adder barely misses you. The adder bites you.
* * * LOW HITPOINT WARNING * * *
There is a stone staircase leading down here.
You don't know any spells.
You are too injured to fight recklessly!
You are too injured to fight recklessly!
Okay, then.
You closely miss the adder. The adder bites you.
* * * LOW HITPOINT WARNING * * *
You closely miss the adder. The adder closely misses you.
You barely miss the adder. The adder bites you.
* * * LOW HITPOINT WARNING * * *
The adder bites you.
You die...

##..#.#.######
.............#
.....##†####.#
........#. #.#
####..#.#. #.#
......#[#..#.#
#####...#..#.#
#...#...%###########
#..@##.#..........<#
#.#S.......#########
#.#.##.#.#.#
#)#.##.#.#.# #(#.##
#.#.# ..# #.#.# #..
#.#†# #.# #.#.#
..#)#


You could see an adder.

Vanquished Creatures
  3 adders
  A worm (D:3)
  2 leopard geckos (D:1)
  An orc (D:3)
  2 bats
  4 goblins (D:1)
  3 hobgoblins
  A kobold (D:2)
  A ball python (D:1)
  2 rats (D:1)
20 creatures vanquished.

Notes
Turn   | Place    | Note
-------+----------+-------------------------------------------
     0 | Abyss:1  | Amnesiac the Mummy Abyssal Knight began the quest for the
                  | Orb.
     0 | Abyss:1  | Reached XP level 1. HP: 18/18 MP: 2/2
    29 | D:1      | Escaped the Abyss
   208 | D:1      | Found a snail-covered altar of Cheibriados.
   215 | D:1      | Reached XP level 2. HP: 13/24 MP: 3/3
   712 | D:1      | Reached XP level 3. HP: 15/29 MP: 4/4
  1174 | D:2      | Slain by an adder

Vault maps used:
D:1:      dpeg_arrival_fog, minmay_misc_feat_rows, cheibriados_altar_1
D:2:      kiku_gazebo_garden_becter, minmay_nonomino_d4, uniq_sigmund
D:3:      minmay_stone_trees_medium, cheibrodos_ashenzari_chains

Skill      XL: |  1  2 |
---------------+-------+-----
Short Blades   | 2 3 |  3.3
Fighting       | |  3.0
Armour         | |  1.5
Dodging        | |  0.7
Invocations    | |  1.5

Action                   || total
-------------------------++-------
Melee: Short sword       ||    88
 Stab: Sleeping          ||     2
Armor: Leather armour    ||    17
Dodge: Dodged            ||    58

Table legend:
 A = Non-vault XP
 B = Vault XP
 C = Vault XP percentage of total XP
 D = Non-vault monster count
 E = Vault monster count
 F = Vault count percentage of total count
                 A         B        C        D         E       F
            +---------+---------+-------+---------+---------+-------
      Total |      62 |      15 |  19.5 |      18 |       2 |  10.0
            +---------+---------+-------+---------+---------+-------
        D:1 |      35 |      15 |  30.0 |      12 |       2 |  14.3
        D:2 |      17 |       0 |   0.0 |       3 |       0 |   0.0
        D:3 |      10 |       0 |   0.0 |       3 |       0 |   0.0
            +---------+---------+-------+---------+---------+-------
